 Dungeon Crawl Stone Soup version 0.26-a0-660-gc07710193c (webtiles) character file.

Game seed: 15216036091105821031

1975 marklar909 the Digger (level 9, -1/67 HPs)
             Began as a Formicid Earth Elementalist on Oct 8, 2020.
             Slain by Prince Ribbit (12 damage)
             ... on level 6 of the Dungeon.
             The game lasted 00:20:58 (11417 turns).

marklar909 the Digger (FoEE)                       Turns: 11417, Time: 00:20:59

Health: -1/67      AC:  6    Str: 16    XL:     9   Next: 43%
Magic:  2/16       EV: 12    Int: 15    God:
Gold:   456        SH:  0    Dex: 17    Spells: 14/18 levels left

rFire    . . .     SeeInvis +   b - +2 halberd (vorpal)
rCold    . . .     Faith    .   (no shield)
rNeg     . . .     Spirit   .   i - +1 leather armour
rPois    .         Reflect  .   (helmet unavailable)
rElec    .         Harm     .   (no cloak)
rCorr    .         Rampage  .   (no gloves)
MR       .....                  v - +1 pair of boots
Stlth    ++........             (no amulet)
HPRegen  0.21/turn              e - +6 ring of dexterity
MPRegen  0.15/turn              E - +4 ring of slaying

@: mighty
A: permanent stasis, dig shafts and tunnels, four strong arms, antennae 3
a: Dig, Shaft Self


You were on level 6 of the Dungeon.
You visited 1 branch of the dungeon, and saw 7 of its levels.

You collected 456 gold pieces.

Inventory:

Hand Weapons
 a - a +0 arbalest
 b - a +2 vorpal halberd (weapon)
Missiles
 f - 8 atropa-tipped darts
 g - 58 bolts
 j - 39 stones (quivered)
 o - 16 poisoned darts
Armour
 i - a +1 leather armour (worn)
 l - a +0 kite shield
 v - a +1 pair of boots (worn)
Jewellery
 e - a +6 ring of dexterity (left hand)
 m - an uncursed ring of magical power
 n - an uncursed ring of protection from fire
 p - an uncursed ring of wizardry {unknown}
 E - a +4 ring of slaying (right hand)
Wands
 s - a wand of digging (3)
Scrolls
 c - 4 scrolls of remove curse
 t - 3 scrolls of identify
 D - 2 scrolls of enchant weapon
 F - a scroll of magic mapping {unknown}
 G - a scroll of fog
Potions
 d - a potion of curing
 h - a potion of stabbing
 k - 3 potions of flight
 q - 2 potions of might
 r - 2 potions of ambrosia {unknown}
 u - a potion of experience {unknown}
 w - a potion of lignification {unknown}
 x - a potion of haste {unknown}
 y - a potion of brilliance
 z - a potion of degeneration {unknown}
 A - a potion of invisibility {unknown}
 B - 2 potions of heal wounds {unknown}
 C - a potion of resistance {unknown}
 H - a potion of mutation {unknown}


   Skills:
 * Level 4.9 Fighting
 * Level 4.5 Polearms
 + Level 1.1 Crossbows
 + Level 0.8 Throwing
 * Level 4.4 Armour
 + Level 2.2 Dodging
 + Level 3.1 Stealth
 * Level 4.2 Shields
 - Level 0.1 Unarmed Combat
 + Level 5.0 Spellcasting
 + Level 1.2 Conjurations
   Level 1.1 Transmutations
 + Level 7.1 Earth Magic


You had 14 spell levels left.
You knew the following spells:

 Your Spells              Type           Power        Failure   Level
a - Sandblast             Erth           ####..       1%          1
b - Stone Arrow           Conj/Erth      ###...       11%         3

Your spell library contained the following spells:

 Spells                   Type           Power        Failure   Level
 Passwall                 Tmut/Erth      ###.....     5%          2
 Shock                    Conj/Air       #...         16%         1
 Lee's Rapid Deconstruct  Erth           ####......   28%         5
 Petrify                  Tmut/Erth      ###.....     34%         4
 Static Discharge         Conj/Air       #.......     41%         3
 Airstrike                Air            #.........   88%         4
 Lightning Bolt           Conj/Air       #.........   99%         5
 Swiftness                Air            Unusable     N/A         2

Dungeon Overview and Level Annotations

Branches:
Dungeon (7/15)
 Temple: D:4-7

Altars:
Hepliaklqana
Kikubaaqudgha
Uskayaw
Wu Jian
Xom

Shops:
D:5 :

Annotations:
D:4 Edmund
D:6 Dowan, Duvessa, Prince Ribbit


Innate Abilities, Weirdness & Mutations

You cannot be hasted, slowed, berserked, paralysed or teleported.
You can dig through walls and to a lower floor.
Your four strong arms can wield two-handed weapons with a shield.
You have a pair of large antennae on your head. (SInv)


Message History

You feel better. Prince Ribbit closely misses you.
Casting: Stone Arrow (dangerous; 11% risk of failure)
Confirm with . or Enter, or press ? or * to list all spells.
Aiming: Stone Arrow (dangerous; 11% risk of failure)
Press: ? - help, Shift-Dir - straight line, f/p - Prince Ribbit
Aim: Prince Ribbit (lightly wounded)
The stone arrow hits Prince Ribbit!
Prince Ribbit is heavily wounded.
Prince Ribbit hops awkwardly around.
Prince Ribbit hits you.
* * * LOW HITPOINT WARNING * * *
Prince Ribbit misses you.
Unknown command.
Casting: Stone Arrow (dangerous; 11% risk of failure)
Confirm with . or Enter, or press ? or * to list all spells.
Aiming: Stone Arrow (dangerous; 11% risk of failure)
Press: ? - help, Shift-Dir - straight line, f/p - Prince Ribbit
Aim: Prince Ribbit (heavily wounded)
The stone arrow misses Prince Ribbit.
Prince Ribbit hits you!
You die...

....####.....## ##.####.## #..#
#.............## #..##..####.##
##.............####.##.......#
##...#..##.#....###...#####..#
##..###....##....##..## ##.## #
#...# ##...###.......# ##...###
....###..#.....#####.#####.......
.....#...#....######.........#..#
###.....##......@.......##......#
.###...##........F.......###.....
.##...>..........................
...#####......###.....###........
..## #...........#..# ##.......
..# #..#...####....# #.##....
#.## ##.####.# ##...## #.###...
#..## #..# ..# #....###.##....
##..###.####...####.###..........


You could see Prince Ribbit.

Vanquished Creatures
  Eustachio (D:4)
  An ice beast (D:5)
  2 phantoms
  2 sky beasts
  A black bear (D:6)
  2 centaurs
  An ogre (D:3)
  A bullfrog (D:4)
  A wyvern zombie (D:6)
  2 scorpions
  4 killer bees (D:7)
  2 hounds
  A bullfrog skeleton (D:4)
  An orc priest (D:5)
  An orc wizard (D:5)
  5 worker ants
  A hound zombie (D:5)
  7 gnolls
  14 adders
  A shadow imp (D:6)
  2 white imps
  2 ufetubi
  An ooze (D:3)
  An adder skeleton (D:4)
  An adder zombie (D:6)
  2 worms
  4 dart slugs
  7 leopard geckos
  14 orcs
  2 bat zombies (D:3)
  10 giant cockroaches
  13 goblins
  11 hobgoblins
  8 jackals
  5 quokkas
  5 ball pythons
  3 bats (D:1)
  5 frilled lizards
  5 kobolds
  A leopard gecko skeleton (D:4)
  2 leopard gecko zombies (D:5)
  6 rats
  3 rat zombies (D:3)
164 creatures vanquished.

Notes
Turn   | Place    | Note
-------+----------+-------------------------------------------
     0 | D:1      | marklar909 the Formicid Earth Elementalist began the quest
                  | for the Orb.
     0 | D:1      | Reached XP level 1. HP: 13/13 MP: 3/3
   270 | D:1      | Reached XP level 2. HP: 19/19 MP: 1/5
   401 | D:1      | Reached skill level 4 in Earth Magic
   972 | D:2      | Reached XP level 3. HP: 24/24 MP: 2/7
  1063 | D:2      | Found a hazy altar of Hepliaklqana.
  1132 | D:2      | Noticed a sky beast
  1142 | D:2      | HP: 1/24 [sky beast (6)]
  1143 | D:2      | Killed a sky beast
  1143 | D:2      | Reached skill level 1 in Fighting
  1143 | D:2      | Reached skill level 1 in Armour
  1143 | D:2      | Reached skill level 5 in Earth Magic
  1143 | D:2      | Reached XP level 4. HP: 1/32 MP: 1/8
  1143 | D:2      | Reached XP level 5. HP: 2/37 MP: 1/9
  2514 | D:3      | Noticed an ogre
  2526 | D:3      | Killed an ogre
  2526 | D:3      | Reached XP level 6. HP: 9/44 MP: 7/11
  3517 | D:3      | Learned a level 3 spell: Stone Arrow
  3555 | D:3      | Found an ancient bone altar of Kikubaaqudgha.
  3989 | D:3      | You fall into a shaft and drop 1 floor!
  4013 | D:4      | Reached skill level 6 in Earth Magic
  4184 | D:4      | Reached XP level 7. HP: 39/50 MP: 5/12
  4305 | D:4      | Reached skill level 1 in Shields
  4536 | D:4      | Noticed Eustachio
  4555 | D:4      | Killed Eustachio
  4779 | D:4      | Noticed Edmund
  6301 | D:4      | Reached XP level 8. HP: 23/57 MP: 7/14
  6775 | D:4      | Reached skill level 1 in Polearms
  7536 | D:5      | Entered Level 5 of the Dungeon
  7743 | D:5      | Found a shimmering altar of Xom.
  7919 | D:5      | Reached skill level 7 in Earth Magic
  8282 | D:5      | Found a hide-covered altar of Uskayaw.
  8353 | D:5      | Noticed a +0 hand axe
  8354 | D:5      | Noticed a +0 hand axe
  8427 | D:5      | Found Sik Keyduq's Book Shoppe.
  8684 | D:5      | Reached skill level 1 in Conjurations
  8684 | D:5      | Reached XP level 9. HP: 35/65 MP: 4/16
  9446 | D:6      | Noticed Duvessa
  9446 | D:6      | Noticed Dowan
  9547 | D:6      | Found an ornate altar of the Wu Jian Council.
 10547 | D:6      | Noticed Prince Ribbit
 11284 | D:7      | Reached skill level 1 in Crossbows
 11284 | D:7      | Reached skill level 5 in Spellcasting
 11417 | D:6      | Slain by Prince Ribbit

Illustrated notes

Levels and vault maps discovered:
D:1:      dpeg_arrival_tiny_k, layout_loops_ring, serial_bayou_crossing
D:2:      layout_loops_ring, lemuel_coloured_pillars_altar, grunt_ministairs_14,
          guppyfry_early_orc_mine
D:3:      minmay_inner_zag, layout_basic, lemuel_zombie_altar_kikubaaqudgha
D:4:      layout_basic, minivault_1, grunt_decor_arrowhead,
          minmay_goblin_kobold_house, uniq_edmund, uniq_eustachio
D:5:      layout_gridville, dancing_weapons_uskayaw, serial_shops, shop,
          nicolae_ossuary_entry_monument, tgw_xom
D:6:      layout_layer_cave, nicolae_overflow_crystal_walls,
          minmay_misc_feat_more_columns, uniq_duvessa, uniq_prince_ribbit1
D:7:      layout_loops_ring, overflow_temple_1_default,
          fedhas_altar_decomposition, minmay_temple_entry_proselytizer,
          gammafunk_ghost_berserking_beasts, serial_shops,
          nicolae_shop_temple_entry_statues_fountains, uniq_joseph

Skill      XL: |  1  2  3  4  5  6  7  8  9 |
---------------+----------------------------+-----
Earth Magic    | 4 5 6 7 |  7.1
Fighting       | 1 2 3 4 |  4.9
Armour         | 1 2 3 4 |  4.4
Spellcasting   | 3 4 5 |  5.0
Dodging        | 2 |  2.2
Shields        | 1 3 4 |  4.2
Polearms       | 3 4 |  4.5
Stealth        | 3 |  3.1
Conjurations   | 1 |  1.2
Crossbows      | 1 |  1.1
Throwing       | |  0.8
Unarmed Combat | |  0.1
Transmutations | |  1.1

Action                   |  1- 3 |  4- 6 |  7- 9 || total
-------------------------+-------+-------+-------++-------
Melee: Unarmed           |     7 |    36 |       ||    43
       Halberd           |       |       |   129 ||   129
 Fire: Arbalest          |       |       |    41 ||    41
Throw: Dart              |       |    22 |       ||    22
       Stone             |       |     2 |       ||     2
 Cast: Sandblast         |    29 |    88 |    54 ||   171
       Stone Arrow       |       |       |    57 ||    57
  Use: Scroll            |       |       |    16 ||    16
       Potion            |       |       |     7 ||     7
 Stab: Sleeping          |       |     1 |     1 ||     2
Armor: Robe              |     4 |       |       ||     4
       Leather armour    |       |    16 |    39 ||    55
Dodge: Dodged            |    23 |    56 |   143 ||   222

Table legend: (Time is in decaauts)
 A = Elapsed time spent in this place.
 B = Non-inter-level travel time spent in this place.
 C = Inter-level travel time spent in this place.
 D = Time resting spent in this place.
 E = Time spent auto-exploring this place.
 F = Levels seen in this place.
 G = Mean time per level.
                   A        B        C        D        E       F      G
               +--------+--------+--------+--------+--------+-----+--------+
         Total |  11513 |  10403 |   1110 |   1938 |   6640 |   7 | 1644.7 |
       Dungeon |  11513 |  10403 |   1110 |   1938 |   6640 |   7 | 1644.7 |
               +--------+--------+--------+--------+--------+-----+--------+

Top non-repeatable levels by time:
     D:4: 2814 daAuts
     D:3: 2721 daAuts
     D:6: 2235 daAuts
     D:2: 1391 daAuts
     D:5: 1346 daAuts
     D:1: 957 daAuts
     D:7: 47 daAuts
